 Dungeon Crawl Stone Soup version 0.31.0-11-ge490571c62 (webtiles) character file.

Game seed: 7653465834830390314

39 Armakuni the Ducker (level 3, -4/22 HPs)
             Began as a Deep Elf Gladiator on Jan 26, 2024.
             Slain by a kobold
             ... wielding a +5 short sword of freezing
              (6 damage)
             ... on level 1 of the Dungeon.
             The game lasted 00:02:00 (983 turns).

Armakuni the Ducker (Deep Elf Gladiator)             Turns: 983, Time: 00:02:00

Health: -4/22      AC:  4    Str: 11    XL:     3   Next: 28%
Magic:  5/5        EV: 13    Int: 14    God:
Gold:   24         SH:  0    Dex: 16    Spells: 2/2 levels left

rFire   . . .        a - +0 quarterstaff
rCold   . . .        (shield currently unavailable)
rNeg    . . .        b - +0 leather armour
rPois   .            c - +0 helmet
rElec   .            (no cloak)
rCorr   .            (no gloves)
SInv    .            (no boots)
Will    .....        (no amulet)
Stlth   +            (no ring)
HPRegen 0.23/turn    (no ring)
MPRegen 0.09/turn

%: no passive effects
@: no status effects
A: no striking features
a: no special abilities


You were on level 1 of the Dungeon.
You visited 1 branch of the dungeon, and saw 2 of its levels.

You collected 24 gold pieces.

Inventory:

Hand Weapons
 a - a +0 quarterstaff (weapon)
Missiles
 e - a javelin
Armour
 b - a +0 leather armour (worn)
 c - a +0 helmet (worn)
Jewellery
 J - a ring of ice
Potions
 f - 2 potions of degeneration {unknown}
 g - 2 potions of berserk rage {unknown}
 h - a potion of curing


   Skills:
 * Level 2.6 Fighting
 + Level 3.5 Staves
 - Level 2.0 Throwing
 - Level 3.6 Dodging


You had 2 spell levels left.
You didn't know any spells.
Your spell library was empty.

Dungeon Overview and Level Annotations

Branches:
Dungeon (2/15)

Altars:

Shops:
D:1 [


Message History

The kobold throws a stone.
The stone hits you.
The kobold hits you with a +5 short sword of freezing.
The kobold freezes you.
You hit the kobold.
The kobold is severely wounded.
The kobold barely misses you.
You closely miss the kobold.
The kobold is severely wounded.
The kobold hits you with a +5 short sword of freezing.
The kobold freezes you.
You are too injured to fight recklessly!
You barely miss the kobold.
The kobold is severely wounded.
The kobold hits you with a +5 short sword of freezing.
The kobold freezes you.
You hit the kobold but do no damage.
The kobold is moderately wounded.
The kobold hits you with a +5 short sword of freezing.
* * * LOW HITPOINT WARNING * * *
The kobold freezes you.
* * * LOW HITPOINT WARNING * * *
Throw: 3 throwing nets
Press: ? - help, Q - select action, (/) - cycle Shift-Dir - straight line, f - kobold
Aim: a kobold, wielding a +5 short sword of freezing and quivering stones (moderately wounded, 51% to hit)
You throw a throwing net.
The throwing net closely misses the kobold.
The kobold completely misses you.
Throw: 2 throwing nets
Press: ? - help, Q - select action, (/) - cycle Shift-Dir - straight line, f/p - kobold
Aim: a kobold, wielding a +5 short sword of freezing and quivering stones (moderately wounded, 51% to hit)
You throw a throwing net.
The throwing net barely misses the kobold.
The kobold barely misses you.
Throw: throwing net
Press: ? - help, Q - select action, (/) - cycle Shift-Dir - straight line, f/p - kobold
Aim: a kobold, wielding a +5 short sword of freezing and quivering stones (moderately wounded, 51% to hit)
You throw a throwing net.
The throwing net barely misses the kobold.
The kobold hits you with a +5 short sword of freezing.
You die...

########....####....
#............
#....###.....
###....# #.....
#....#.###.....
#........#.....
####....#.#.#.....
#.................
#@##....#.#.#.....
#K##....#.#.#.#.##
#.##....#.#.###.##
#.##....#.#.......
..............#.##
#.##....#.........
#(##....#####.#...
### #.......
###.####


You could see a kobold.

Vanquished Creatures
  2 ball pythons (D:1)
  2 bats (D:1)
  5 endoplasms (D:1)
  A giant cockroach (D:1)
  A goblin (D:1)
  A hobgoblin (D:1)
  9 jackals (D:1)
  4 kobolds (D:1)
  2 quokkas
  2 frilled lizards (D:1)
  3 rats (D:1)
32 creatures vanquished.

Notes
Turn   | Place    | Note
-------+----------+-------------------------------------------
     0 | D:1      | Armakuni the Deep Elf Gladiator began the quest for the
                  | Orb.
     0 | D:1      | Reached XP level 1. HP: 12/12 MP: 3/3
    92 | D:1      | Found Laces's Antique Armour Boutique.
   123 | D:1      | Reached XP level 2. HP: 8/17 MP: 4/4
   562 | D:1      | Reached XP level 3. HP: 17/22 MP: 5/5
   983 | D:1      | Slain by a kobold

Illustrated notes

Levels and vault maps discovered:
D:1:      dpeg_arrival_pits, layout_basic, serial_shops, nicolae_diamond_shop
D:2:      layout_loops_ring, hellmonk_ecumenical_altar_arch_garden,
          serial_shops, nicolae_shop_bloodbath_and_beyond, st_stairs_14,
          guppyfry_early_orc_mine

Skill      XL: |  1 |
---------------+----+-----
Fighting       | 2 |  2.6
Staves         | |  3.5
Throwing       | |  2.0
Dodging        | |  3.6

Action                     || total
---------------------------++-------
  Melee: Quarterstaff      ||    94
  Throw: Throwing net      ||     3
    Use: Scroll            ||     1
         Potion            ||     1
 Armour: Leather armour    ||    55
  Dodge: Dodged            ||    78
